 Dungeon Crawl Stone Soup version 0.29.1-1-gd02db6906a (webtiles) character file.

Game seed: 17545704154798913087

3217 groovy9 the Severer (level 9, -4/72 HPs)
             Began as a Hill Orc Fighter on Sept 24, 2022.
             Was an Initiate of Hepliaklqana.
             Killed by nerve-wracking pain
             ... invoked by an orc priest
              (14 damage)
             ... on level 8 of the Dungeon.
             The game lasted 00:18:36 (8194 turns).

groovy9 the Severer (Hill Orc Fighter)              Turns: 8194, Time: 00:18:37

Health: -4/72      AC: 18    Str: 27    XL:     9   Next: 97%
Magic:  18/18      EV:  8    Int:  8    God:    Hepliaklqana [......]
Gold:   250        SH:  0    Dex: 10    Spells: 8/8 levels left

rFire   . . .      SeeInvis .   f - +10 executioner's axe of Bodily Humours {vorpal, Str+4}
rCold   . . .      Faith    .   (shield currently unavailable)
rNeg    . . .      Spirit   .   c - +0 chain mail
rPois   .          Reflect  .   p - +0 helmet
rElec   .          Harm     .   g - +0 cloak
rCorr   .          Rampage  .   r - +2 pair of gloves
Will    .....                   b - +2 pair of boots
Stlth   ..........              w - amulet of magic regeneration
HPRegen 0.22/turn               m - ring of magical power
MPRegen 0.56/turn               (no ring)

@: mighty, very slow
A: no striking features
a: Renounce Religion, Convert to Beogh


You were on level 8 of the Dungeon.
You worshipped Hepliaklqana.
Hepliaklqana was noncommittal.
You visited 2 branches of the dungeon, and saw 9 of its levels.
You also visited: Bailey.

You collected 431 gold pieces.
You spent 181 gold pieces at shops.

Inventory:

Hand Weapons
 f - the +10 executioner's axe of Bodily Humours (weapon) {vorpal, Str+4}
   (You acquired it on level 3 of the Dungeon)

   It inflicts extra damage upon your enemies.
   Str:       It affects your strength (+4).
Missiles
 k - a curare-tipped dart (quivered)
Armour
 b - a +2 pair of boots (worn)
 c - a +0 chain mail (worn)
 g - a +0 cloak (worn)
 p - a +0 helmet (worn)
 r - a +2 pair of gloves (worn)
Jewellery
 m - a ring of magical power (left hand)
 w - an amulet of magic regeneration (around neck)
Wands
 s - a wand of flame (12)
Scrolls
 j - a scroll of poison
 q - 3 scrolls of immolation
Potions
 a - a potion of flight
 d - a potion of resistance
 e - 3 potions of attraction
 h - a potion of haste {unknown}
 i - 6 potions of curing
 n - a potion of cancellation
 t - a potion of berserk rage {unknown}
 u - 2 potions of brilliance {unknown}
 z - a potion of magic {unknown}


   Skills:
 - Level 4.3 Fighting
 + Level 16.8 Axes
 - Level 4.0 Armour
 - Level 3.9 Shields


You had 8 spell levels left.
You didn't know any spells.
Your spell library contained the following spells:

 Spells                   Type           Power      Damage    Failure   Level
 Necrotise                Necr           0%         1d4       94%         1
 Ignite Poison            Fire/Tmut/Pois 0%         N/A       100%        3
 Mephitic Cloud           Conj/Pois/Air  0%         N/A       100%        3
 Vampiric Draining        Necr           0%         2d6       100%        3
 Petrify                  Tmut/Erth      0%         N/A       100%        4
 Agony                    Necr           0%         N/A       100%        5
 Freezing Cloud           Conj/Ice/Air   0%         6-21      100%        5
 Metabolic Englaciation   Hex/Ice        0%         N/A       100%        5
 Statue Form              Tmut/Erth      0%         N/A       100%        6


Dungeon Overview and Level Annotations

Branches:
Dungeon (8/15)             Temple (1/1) D:6          Bailey (visited)
   Lair: D:8-11

Altars:
Ashenzari
Cheibriados
Dithmenos
Elyvilon
Fedhas
Gozag
Hepliaklqana
Makhleb
Qazlal
Ru
Sif Muna
Trog
Uskayaw
Vehumet
Wu Jian
Xom
Yredelemnul
Zin
The Shining One

Shops:
D:1 [   D:3 [


Message History

* * * LOW HITPOINT WARNING * * *
There is an open door here.
There is an open door here.
You see here a +0 halberd of electrocution.
There is an open door here.
There is a gate leading back out of this place here.
The orc knight hits you from afar with a +0 halberd.
* * * LOW HITPOINT WARNING * * *
Welcome back to the Dungeon!
The centaur shoots an arrow.
The arrow hits you but does no damage.
There is an empty arch of ancient stone, spattered with blood here.
You closely miss the goblin. You slash the orc!
You kill the orc!
The centaur shoots an arrow.
The arrow hits you.
* * * LOW HITPOINT WARNING * * *
The orc wizard gestures wildly while chanting.
The orc wizard flickers and vanishes!
Deactivating autopickup; reactivate with Ctrl-A.
The goblin hits you but does no damage.
You closely miss the goblin. The goblin hits you but does no damage.
The centaur shoots an arrow.
The arrow barely misses you.
The arrow hits the orc!
The orc dies!
You hear a splash.
The orc wizard gestures at you while chanting.
You easily resist.
The goblin barely misses you.
The orc priest mumbles some strange prayers to Beogh against you.
Pain shoots through your body!
* * * LOW HITPOINT WARNING * * *
The centaur shoots an arrow.
The arrow hits you but does no damage.
You see here a +0 spear.
You enter the shallow water.
Moving in this stuff is going to be slow.
The goblin hits you but does no damage.
The orc wizard points at you and mumbles some strange words.
The magic dart hits you.
* * * LOW HITPOINT WARNING * * *
The orc priest calls down the wrath of Beogh upon you.
Pain shoots through your body!
You die...

#. #.## .. ... #. ..
###.######## #.##
#..........# #..#
#..........#
####.####..........#
#.......#...)))....#
#.≈≈@≈≈.#....).....#
#.#.≈))g≈.#####<######
#.oo≈>∩.≈÷.###<.#
.o##o≈...≈...##.#### .
#.≈≈≈≈≈.#.......#
.....c...#.......#
###########.......#
#.......# #.......#


You could see a centaur, an orc priest, 2 orc wizards, an orc and a goblin.

Vanquished Creatures
  Pikel (D:3)
  A steam dragon (D:7)
  A black bear (D:6)
  2 orc warriors
  5 ice beasts
  An ogre (D:6)
  A centaur (D:7)
  2 lemures (D:4)
  A kobold brigand (D:7)
  5 bullfrogs
  A gnoll sergeant (D:6)
  5 wights (D:5)
  A howler monkey (D:7)
  5 jellies
  3 orc priests
  8 hounds
  4 iguanas
  2 orc wizards
  9 gnolls
  12 adders
  3 ufetubi
  2 worms
  6 dart slugs
  30 orcs
  4 ball pythons
  4 bats
  6 endoplasms
  3 giant cockroaches
  8 goblins
  8 hobgoblins
  5 quokkas
  2 frilled lizards
  13 kobolds
  3 rats
  A spectral kobold (D:6)
168 creatures vanquished.

Vanquished Creatures (others)
  An orc (D:8)
1 creature vanquished.

Grand Total: 169 creatures vanquished

Notes
Turn   | Place    | Note
-------+----------+-------------------------------------------
     0 | D:1      | groovy9 the Hill Orc Fighter began the quest for the Orb.
     0 | D:1      | Reached XP level 1. HP: 19/19 MP: 1/1
    57 | D:1      | Found a faded altar of an unknown god.
   186 | D:1      | Reached XP level 2. HP: 20/27 MP: 2/2
   285 | D:1      | Reached skill level 3 in Axes
   811 | D:1      | Found Sewag's Armour Boutique.
   878 | D:2      | Reached XP level 3. HP: 33/33 MP: 3/3
  1725 | D:2      | Reached XP level 4. HP: 40/40 MP: 4/4
  2267 | D:3      | Identified a scroll of acquirement
  2267 | D:3      | Acquired the +10 executioner's axe of Bodily Humours
                  | {vorpal, Str+4}
  2486 | D:3      | Found Xiuci's Armour Emporium.
  2491 | D:3      | Reached skill level 4 in Axes
  2492 | D:3      | Reached XP level 5. HP: 39/47 MP: 5/5
  2656 | D:3      | Reached skill level 5 in Axes
  3080 | D:3      | Bought a +2 pair of boots for 181 gold pieces
  3105 | D:4      | Found a snail-covered altar of Cheibriados.
  3162 | D:4      | Reached skill level 6 in Axes
  3294 | D:4      | Found a blossoming altar of Fedhas.
  3300 | D:4      | Found a glowing silver altar of Zin.
  3474 | D:4      | Reached XP level 6. HP: 53/53 MP: 6/6
  3654 | D:4      | Noticed Pikel
  3663 | D:3      | Killed Pikel
  3664 | D:3      | Reached skill level 9 in Axes
  3664 | D:3      | Reached XP level 7. HP: 47/60 MP: 7/7
  4386 | D:5      | Entered Level 5 of the Dungeon
  4396 | D:5      | Reached skill level 10 in Axes
  4414 | D:5      | Found a white marble altar of Elyvilon.
  4599 | D:5      | Reached XP level 8. HP: 46/63 MP: 8/8
  4603 | D:5      | Reached skill level 11 in Axes
  4894 | D:5      | Reached skill level 12 in Axes
  5282 | D:6      | Reached skill level 13 in Axes
  5711 | D:6      | Reached XP level 9. HP: 60/72 MP: 9/9
  5918 | D:6      | Found a stormy altar of Qazlal.
  5924 | D:6      | Reached skill level 14 in Axes
  6165 | D:6      | Reached skill level 15 in Axes
  6274 | D:6      | Found a hazy altar of Hepliaklqana.
  6287 | D:6      | Became a worshipper of Hepliaklqana the Forgotten
  6375 | D:6      | Found a staircase to the Ecumenical Temple.
  6384 | Temple   | Entered the Ecumenical Temple
  6963 | D:7      | Reached skill level 16 in Axes
  7532 | D:7      | Found a burning altar of Makhleb.
  7734 | D:8      | Found a flagged portal.
  7754 | Bailey   | Entered a bailey
  8153 | Bailey   | Noticed an orc knight
  8194 | D:8      | Killed from afar by an orc priest

Illustrated notes

Levels and vault maps discovered:
D:1:      evilmike_arrival_hilbert_curve, layout_basic,
          hellmonk_ecumenical_altar_slurped_away, serial_shops, shop_fountains
D:2:      layout_loops_corners, serial_aquarium, aquarium_bridge_long_joined
          [aquarium_subvault_window, aquarium_subvault_bridge,
          aquarium_subvault_bridge, aquarium_subvault_window,
          aquarium_subvault_wall, aquarium_subvault_balcony],
          aquarium_window_fake, aquarium_window_corner, aquarium_window_1,
          aquarium_view_2a, skrybe_limestone_x
D:3:      layout_basic, serial_shops, shop, grunt_decor_one_mirror
D:4:      layout_layer_cave, cheibriados_altar_1,
          mainiacjoe_overflow_divided_tiny, uniq_pikel
D:5:      layout_basic, elyvilon_altar_4,
          hangedman_abyss_or_decor_jellyfish_corner
D:6:      layout_loops_cross, nicolae_hepliaklqana_monster_ancestors,
          lemuel_temple_firewalk_a, minmay_ruined_shrine
D:7:      layout_basic, lightli_temple_of_fire
D:8:      layout_rooms, kiku_gazebo_garden_becter, enter_bailey_5
Temple:   cyrus_circular_temple

Skill      XL: |  1  2  3  4  5  6  7  8  9 |
---------------+----------------------------+-----
Axes           | 3 4 6 9 10 13 16 | 16.8
Fighting       | 4 |  4.3
Armour         | 4 |  4.0
Shields        | |  3.9

Action                   |  1- 3 |  4- 6 |  7- 9 || total
-------------------------+-------+-------+-------++-------
Melee: War axe           |    83 |    29 |       ||   112
       Executioner's axe |       |    51 |   166 ||   217
  Use: Scroll            |       |     4 |    14 ||    18
       Potion            |       |       |     2 ||     2
Armor: Scale mail        |    43 |    35 |       ||    78
       Chain mail        |       |    30 |   147 ||   177
Dodge: Dodged            |    32 |    50 |    86 ||   168
Block: Buckler           |    19 |    12 |       ||    31
